 Dungeon Crawl Stone Soup version 0.27.1 (webtiles) character file.

Game seed: 9611516062824149119

7 ABBCCCDDDD the Sneak (level 2, -2/21 HPs)
             Began as an Octopode Delver on Sept 4, 2021.
             Succumbed to an adder's poison
             ... on level 2 of the Dungeon.
             The game lasted 00:03:14 (511 turns).

ABBCCCDDDD the Sneak (Octopode Delver)               Turns: 511, Time: 00:03:15

Health: -2/21      AC:  1    Str: 11    XL:     2   Next: 4%
Magic:  2/2        EV: 13    Int: 12    God:
Gold:   23         SH:  0    Dex: 13    Spells: 1/1 levels left

rFire    . . .     SeeInvis .   a - +0 short sword
rCold    . . .     Faith    .   (no shield)
rNeg     . . .     Spirit   .   (helmet restricted)
rPois    .         Reflect  .   (no amulet)
rElec    .         Harm     .   (no ring)
rCorr    .         Rampage  .   (no ring)
Will     .....                  (no ring)
Stlth    ++++......             (no ring)
HPRegen  0.07/turn              (no ring)
MPRegen  0.08/turn              (no ring)
                                (no ring)
                                (no ring)

@: lethally poisoned (-2 -> -12), flying
A: almost no armour, amphibious, 8 rings, camouflage 1, gelatinous body 1,
(nimble swimmer 1), tentacles
a: no special abilities


You were on level 2 of the Dungeon.
You visited 1 branch of the dungeon, and saw 4 of its levels.

You collected 23 gold pieces.

Inventory:

Hand Weapons
 a - a +0 short sword (weapon)
 i - a +0 falchion
Wands
 f - a wand of digging (3)
 j - a wand of flame (8)
Scrolls
 b - a scroll of fog
 c - a scroll of magic mapping
 d - a scroll of fear
 h - a scroll of teleportation {unknown}
Potions
 e - a potion of haste


   Skills:
 - Level 3.0 Fighting
 + Level 2.7 Short Blades
 - Level 2.0 Dodging
 - Level 6.6 Stealth
 + Level 0.1 Evocations


You had one spell level left.
You didn't know any spells.
Your spell library was empty.

Dungeon Overview and Level Annotations

Branches:
Dungeon (5/15)
 Temple: D:4-7

Altars:
Trog

Annotations:
D:5 exclusion: troll, Blork the orc


Innate Abilities, Weirdness & Mutations

You cannot wear most types of armour.
You are amphibious.
You can wear up to eight rings at the same time.
Your skin changes colour to match your surroundings (Stealth+).
Your rubbery body absorbs attacks. (AC +1, EV +1)
((You are camouflaged near water. (Stealth+)))
You have tentacles for arms and can constrict up to eight enemies at once.


Message History

A bat comes into view.
The bat moves out of view.
No target in view!
A bat is nearby!
A bat comes into view.
Found a robe.
The bat completely misses you.
You closely miss the bat. Your grab misses the bat.
The bat hits you but does no damage. x2
An adder comes into view.
The bat hits you but does no damage. The adder closely misses you.
You closely miss the adder. You grab the adder. You constrict the adder.
The adder bites you.
You are poisoned.
The adder poisons you! The bat hits you but does no damage.
You hit the adder.
The adder is moderately wounded.
You constrict the adder.
You feel sick. The bat closely misses you. The adder bites you.
You are more poisoned.
The adder poisons you!
You hit the adder.
The adder is heavily wounded.
You constrict the adder.
You feel sick. The bat misses you. The adder bites you. x2
* * * LOW HITPOINT WARNING * * *
It was a potion of flight.
You feel very buoyant.
You fly up into the air.
You constrict the adder.
* * * LOW HITPOINT WARNING * * *
You feel sick. The bat barely misses you. The bat hits you.
* * * LOW HITPOINT WARNING * * *
The bat barely misses you. The adder bites you.
* * * LOW HITPOINT WARNING * * *
You are more poisoned.
The adder poisons you!
Okay, then.
As you read the scroll of fear, it crumbles to dust.
You assume a fearsome visage.
The bat looks frightened!
The adder looks frightened!
The bat looks frightened!
You constrict the adder.
You die...

#................
#..........$....
#..............
#.....###.####
#.....##....
#........ ##
#...#.#.#.
#.........
#@..#.#.#.
#.....Sb........
#.........#.#.#
#.......b......
#..............
#..............
#........[.....
#..............


You could see an adder (fleeing) and 2 bats.

Levels and vault maps discovered:
D:2:      layout_basic, serial_glass, glass_columns_c, glass_columns_b,
          basic_altar, hellmonk_ecumenical_altar_lost_god, uniq_robin
D:3:      layout_loops_cross, bloody_trog, minmay_misc_feat_x, uniq_terence,
          uniq_sigmund, uniq_jessica
D:4:      wad_woods_settlement, layout_basic, eat_drink_and_be_merry_uskayaw,
          mainiacjoe_overflow_divided_tiny, minmay_fractal_squares_gapless_5,
          uniq_grinder
D:5:      kennysheep_slugbush, layout_basic, mainiacjoe_overflow_big_doors,
          uniq_blork_the_orc

Notes
Turn   | Place    | Note
-------+----------+-------------------------------------------
     0 | D:5      | ABBCCCDDDD the Octopode Delver began the quest for the Orb.
     0 | D:5      | Reached XP level 1. HP: 16/16 MP: 1/1
    99 | D:5      | Noticed a troll
   126 | D:5      | Noticed a hound
   173 | D:4      | Noticed an orc wizard
   322 | D:5      | Noticed Blork the orc
   412 | D:4      | Noticed an orc priest
   427 | D:3      | Found a bloodstained altar of Trog.
   456 | D:3      | Reached XP level 2. HP: 21/21 MP: 2/2
   510 | D:2      | HP: 1/21 [adder (3)]
   511 | D:2      | Succumbed to an adder's poison

Table legend: (Time is in decaauts)
 A = Elapsed time spent in this place.
 B = Non-inter-level travel time spent in this place.
 C = Inter-level travel time spent in this place.
 D = Time resting spent in this place.
 E = Time spent auto-exploring this place.
 F = Levels seen in this place.
 G = Mean time per level.
                   A        B        C        D        E       F      G
               +--------+--------+--------+--------+--------+-----+--------+
         Total |    511 |    443 |     68 |     31 |     16 |   4 |  127.8 |
       Dungeon |    511 |    443 |     68 |     31 |     16 |   4 |  127.8 |
               +--------+--------+--------+--------+--------+-----+--------+

Top non-repeatable levels by time:
     D:5: 308 daAuts
     D:4: 111 daAuts
     D:3: 62 daAuts
     D:2: 28 daAuts

Table legend:
 A = Kills in this place as a percentage of kills in entire the game.
 B = Kills by you in this place as a percentage of kills by you in the entire game.
 C = Kills by friends in this place as a percentage of kills by friends in the entire game.
 D = Other kills in this place as a percentage of other kills in the entire game.
 E = Experience gained in this place as a percentage of experience gained in the entire game.
 F = Experience gained in this place divided by the number of levels of this place that you have seen.
                   A       B       C       D       E      F
               +-------+-------+-------+-------+-------+----------------------
         Total | 100.0 | 100.0 |   N/A |   N/A | 100.0 |   2.8
       Dungeon | 100.0 | 100.0 |   N/A |   N/A | 100.0 |   2.8
               +-------+-------+-------+-------+-------+----------------------

Action                   || total
-------------------------++-------
Melee: Short sword       ||    11
       Constrict         ||     3
       Tentacles         ||     1
  Use: Scroll            ||     1
       Potion            ||     1
 Stab: Sleeping          ||     3
Armor: Skin              ||     4
Dodge: Dodged            ||     7

Vanquished Creatures
  A dart slug (D:5)
  An orc (D:4)
  A ball python (D:4)
  2 bats
5 creatures vanquished.

Vanquished Creatures (others)
  11 plants (D:4)
11 creatures vanquished.

Grand Total: 16 creatures vanquished
